 Dungeon Crawl Stone Soup version 0.28-a0-194-g42b4daccc1 (webtiles) character file.

Game seed: 16772552181422648350

90 Arne the Magician (level 4, -13/24 HPs)
             Began as a Tengu Hedge Wizard on Aug 18, 2021.
             Mangled by Terence (15 damage)
             ... on level 2 of the Dungeon.
             The game lasted 00:19:42 (1855 turns).

Arne the Magician (Tengu Hedge Wizard)              Turns: 1855, Time: 00:19:43

Health: -13/24     AC:  3    Str: 10    XL:     4   Next: 56%
Magic:  5/10       EV: 13    Int: 16    God:
Gold:   34         SH:  0    Dex: 13    Spells: 9/10 levels left

rFire   . . .      SeeInvis .   e - +0 short sword
rCold   . . .      Faith    .   (no shield)
rNeg    . . .      Spirit   .   b - +0 robe
rPois   .          Reflect  .   c - +0 hat
rElec   .          Harm     .   (no cloak)
rCorr   .          Rampage  .   d - +0 pair of gloves
Will    .....                   (boots unavailable)
Stlth   ++........              (no amulet)
HPRegen 0.08/turn               (no ring)
MPRegen 0.12/turn               (no ring)

@: no status effects
A: beak, talons 3
a: no special abilities


You were on level 2 of the Dungeon.
You visited 1 branch of the dungeon, and saw 2 of its levels.

You collected 34 gold pieces.

Inventory:

Hand Weapons
 a - a +0 dagger
 e - a +0 short sword (weapon)
Armour
 b - a +0 robe (worn)
 c - a +0 hat (worn)
 d - a +0 pair of gloves (worn)
Scrolls
 h - a scroll of summoning {unknown}
 i - a scroll of teleportation {unknown}
 j - a scroll of identify {unknown}
 k - a scroll of brand weapon {unknown}
Potions
 f - a potion of resistance {unknown}
 g - 2 potions of lignification {unknown}
 l - a potion of attraction {unknown}
 m - a potion of magic {unknown}


   Skills:
 * Level 0.6 Fighting
 + Level 0.8 Short Blades
 * Level 3.1 Dodging
 * Level 2.2 Stealth
 + Level 3.6 Spellcasting
 * Level 2.0 Conjurations
 * Level 1.7 Summonings
 - Level 0.9 Translocations
 * Level 0.6 Fire Magic
 * Level 0.7 Air Magic


You had 9 spell levels left.
You knew the following spells:

 Your Spells              Type           Power      Damage    Failure   Level
a - Magic Dart            Conj           36%        1d4       8%          1

Your spell library contained the following spells:

 Spells                   Type           Power      Damage    Failure   Level
 Call Imp                 Summ           8%         N/A       13%         2
 Blink                    Tloc           N/A        N/A       19%         2
 Passwall                 Tmut/Erth      1%         N/A       26%         2
 Slow                     Hex            2%         N/A       26%         2
 Conjure Flame            Conj/Fire      7%         6-21      30%         3
 Mephitic Cloud           Conj/Pois/Air  5%         N/A       34%         3
 Swiftness                Air            5%         N/A       36%         3
 Invisibility             Hex            1%         N/A       100%        6


Dungeon Overview and Level Annotations

Branches:
Dungeon (2/15)

Altars:
Ru

Annotations:
D:2 Terence


Innate Abilities, Weirdness & Mutations

You have a beak for a mouth.
You have claws for feet.


Message History

Terence drinks a potion.
Terence goes berserk!
Casting: Magic Dart (safe; 8% risk of failure)
Confirm with . or Enter, or press ? or * to list all spells.
Aiming: Magic Dart (safe; 8% risk of failure)
Press: ? - help, Shift-Dir - straight line, f/p - Terence
Aim: Terence, wielding a +0 trident and wearing a +3 scale mail of willpower (berserk, 100% to hit)
The magic dart hits Terence but does no damage.
Terence rages.
Casting: Magic Dart (safe; 8% risk of failure)
Confirm with . or Enter, or press ? or * to list all spells.
Aiming: Magic Dart (safe; 8% risk of failure)
Press: ? - help, Shift-Dir - straight line, f/p - Terence
Aim: Terence, wielding a +0 trident and wearing a +3 scale mail of willpower (berserk, 100% to hit)
The magic dart hits Terence but does no damage.
Terence barely misses you. Terence completely misses you.
Unknown command.
Casting: Magic Dart (safe; 8% risk of failure)
Confirm with . or Enter, or press ? or * to list all spells.
Aiming: Magic Dart (safe; 8% risk of failure)
Press: ? - help, Shift-Dir - straight line, f/p - Terence
Aim: Terence, wielding a +0 trident and wearing a +3 scale mail of willpower (berserk, 100% to hit)
The magic dart hits Terence but does no damage.
Terence closely misses you. Terence misses you.
Terence hits you with a +0 trident!
You barely miss Terence. You peck Terence.
Terence is lightly wounded.
Terence hits you with a +0 trident. x2
You closely miss Terence.
Terence is lightly wounded.
Terence closely misses you.
You hit Terence but do no damage. Your kick misses Terence.
Terence is lightly wounded.
Terence completely misses you. Terence hits you with a +0 trident.
* * * LOW HITPOINT WARNING * * *
Terence hits you from afar with a +0 trident.
* * * LOW HITPOINT WARNING * * *
You hear a shout!
Terence hits you from afar with a +0 trident!
Ouch! That really hurt!
You die...

#........#
#........#
#........#
###.################
#.................
#.###############.
#.# #. ## #.# #. #..
#@# #.
###...##.###### #.
.......@.....># #.
###...######### ##
#. #.. #.# #. # ##
#.. #. ###.# #. #
#.... #) # #####.#.#
#.


You could see Terence (berserk).

Vanquished Creatures
  4 adders (D:2)
  A dart slug (D:2)
  4 ball pythons
  3 endoplasms (D:1)
  A giant cockroach (D:1)
  3 goblins
  6 hobgoblins
  5 jackals (D:1)
  6 kobolds
  2 bats (D:1)
  3 frilled lizards
  16 rats
54 creatures vanquished.

Vanquished Creatures (others)
  6 plants (D:1)
6 creatures vanquished.

Grand Total: 60 creatures vanquished

Notes
Turn   | Place    | Note
-------+----------+-------------------------------------------
     0 | D:1      | Arne the Tengu Hedge Wizard began the quest for the Orb.
     0 | D:1      | Reached XP level 1. HP: 10/10 MP: 5/5
   440 | D:1      | Reached XP level 2. HP: 15/15 MP: 0/7
   740 | D:1      | Reached XP level 3. HP: 19/19 MP: 7/9
  1569 | D:2      | Found a sacrificial altar of Ru.
  1652 | D:2      | Reached XP level 4. HP: 24/24 MP: 6/10
  1843 | D:2      | Noticed Terence
  1855 | D:2      | Mangled by Terence

Illustrated notes

Levels and vault maps discovered:
D:1:      minmay_arrival_solitary_statue, layout_basic, serial_forest,
          infiniplex_forest_zigzag_2, infiniplex_forest_end_1,
          infiniplex_forest_clump_diagonal, infiniplex_forest_straight_1,
          infiniplex_forest_straight_1, infiniplex_forest_clump_large,
          infiniplex_forest_clump_small, minmay_misc_feat_iff,
          minmay_misc_feat_secret_circle, serial_bayou_lagoon_a,
          minmay_rat_gold_closets
D:2:      layout_basic, basic_altar, uniq_terence

Skill      XL: |  1  2  3  4 |
---------------+-------------+-----
Conjurations   | 2 |  2.0
Dodging        | 3 |  3.1
Fighting       | |  0.6
Short Blades   | |  0.8
Stealth        | |  2.2
Spellcasting   | |  3.6
Summonings     | |  1.7
Translocations | |  0.9
Fire Magic     | |  0.6
Air Magic      | |  0.7

Action                   |  1- 3 |  4- 6 || total
-------------------------+-------+-------++-------
Melee: Dagger            |    18 |       ||    18
       Kick              |    15 |     2 ||    17
       Peck              |    12 |     1 ||    13
       Short sword       |    78 |    16 ||    94
 Cast: Magic Dart        |    35 |    18 ||    53
 Stab: Sleeping          |     8 |     1 ||     9
Armor: Robe              |    24 |     1 ||    25
Dodge: Dodged            |    55 |    13 ||    68

Table legend: (Time is in decaauts)
 A = Elapsed time spent in this place.
 B = Non-inter-level travel time spent in this place.
 C = Inter-level travel time spent in this place.
 D = Time resting spent in this place.
 E = Time spent auto-exploring this place.
 F = Levels seen in this place.
 G = Mean time per level.
                   A        B        C        D        E       F      G
               +--------+--------+--------+--------+--------+-----+--------+
         Total |   1873 |   1873 |      0 |    279 |    342 |   2 |  936.5 |
       Dungeon |   1873 |   1873 |      0 |    279 |    342 |   2 |  936.5 |
               +--------+--------+--------+--------+--------+-----+--------+

Top non-repeatable levels by time:
     D:1: 1460 daAuts
     D:2: 413 daAuts
